 Dungeon Crawl Stone Soup version 0.27.1 (webtiles) character file.

Game seed: 2305897642897817446

17 chaosape the Ruffian (level 2, 0/23 HPs)
             Began as a Draconian Transmuter on Aug 22, 2021.
             Slain by a hobgoblin (2 damage)
             ... on level 1 of the Dungeon.
             The game lasted 00:06:44 (955 turns).

chaosape the Ruffian (Draconian Transmuter)          Turns: 955, Time: 00:06:44

Health: 0/23       AC:  4    Str: 12    XL:     2   Next: 44%
Magic:  4/5        EV: 12    Int: 13    God:
Gold:   16         SH:  0    Dex: 11    Spells: 4/5 levels left

rFire    . . .     SeeInvis .   e - +0 whip
rCold    . . .     Faith    .   (no shield)
rNeg     . . .     Spirit   .   (armour unavailable)
rPois    .         Reflect  .   (helmet currently unavailable)
rElec    .         Harm     .   (no cloak)
rCorr    .         Rampage  .   (no gloves)
Will     .....                  (boots currently unavailable)
Stlth    +.........             (no amulet)
HPRegen  0.07/turn              (no ring)
MPRegen  0.09/turn              (no ring)

@: appendages, attractive
A: horns 2, talons 2, AC +4, unfitting armour, cold-blooded
a: End Transformation


You were on level 1 of the Dungeon.
You had temporarily grown beastly horns and talons.
You visited 1 branch of the dungeon, and saw 1 of its levels.

You collected 16 gold pieces.

Inventory:

Hand Weapons
 b - a +0 dagger
 c - a +3 hand crossbow of flaming
 e - a +0 whip (weapon)
Armour
 d - a +0 leather armour


   Skills:
 + Level 1.1 Fighting
 + Level 2.2 Dodging
 + Level 3.4 Unarmed Combat
 + Level 2.0 Spellcasting
 + Level 2.0 Transmutations


You had 4 spell levels left.
You knew the following spells:

 Your Spells              Type           Power      Damage    Failure   Level
a - Beastly Appendage     Tmut           12%        N/A       11%         1

Your spell library contained the following spells:

 Spells                   Type           Power      Damage    Failure   Level
 Wereblood                Tmut           6%         N/A       16%         2
 Spider Form              Tmut/Pois      2%         N/A       45%         3
 Ice Form                 Ice/Tmut       4%         N/A       86%         4


Dungeon Overview and Level Annotations

Branches:
Dungeon (1/15)

Altars:


Innate Abilities, Weirdness & Mutations

You have temporarily grown beastly horns and talons.
Your plain brown scales are hard. (AC +4)
You cannot fit into any form of body armour.
You are cold-blooded and may be slowed by cold attacks.


Message History

This is a scroll of acquirement!
Something appears at your feet! The bat closely misses you.
The hobgoblin misses you.
Okay, then.
c - a +3 hand crossbow of flaming The bat completely misses you.
The hobgoblin hits you.
Your +3 hand crossbow of flaming bursts into flame!
c - a +3 hand crossbow of flaming (weapon)
The bat barely misses you. The hobgoblin closely misses you.
Really attack while wielding your +3 hand crossbow of flaming?
Okay, then.
Really attack while wielding your +3 hand crossbow of flaming?
You clumsily bash the bat but do no damage.
Your tail-slap misses the bat.
The bat closely misses you. The bat hits you. The hobgoblin hits you.
As you read the scroll labelled AMPEUJEANG, it crumbles to dust.
You feel aware of your surroundings.
You sensed 1 altar.
It was a scroll of magic mapping.
The bat hits you but does no damage. The hobgoblin hits you.
* * * LOW HITPOINT WARNING * * *
Your +3 hand crossbow of flaming stops flaming.
e - a +0 whip (weapon)
The hobgoblin hits you.
* * * LOW HITPOINT WARNING * * *
You closely miss the bat. The bat closely misses you.
The hobgoblin barely misses you.
You barely miss the hobgoblin. The bat closely misses you.
The hobgoblin hits you.
* * * LOW HITPOINT WARNING * * *
You hit the bat.
You kill the bat!
The hobgoblin hits you but does no damage.
It was a potion of attraction.
You feel attractive to monsters. The hobgoblin closely misses you.
Casting: Beastly Appendage (safe; 11% risk of failure)
Confirm with . or Enter, or press ? or * to list all spells.
You grow a pair of large bovine horns.
Your feet morph into talons.
The hobgoblin hits you.
You die...

#.#,,,*,,,,#....#....#*,.#*,#.#..
#.#,,,,,,,..*..#.....#**.##,#,#.#
#.#,,,,,,*#..*#..##..# *..#.#.#.#
≈.#,*,,,,**..##..##.#* #..#.#.#.#
≈.#,*,*,,,,,#..#....####........#
≈.#,*,*,,,,#....#........#.##.#..
≈.#,*,*,..#..##..#............#.#
≈.#,*,,,.#...##g..#.........#....
≈.#,****#.....).@..#........#....
≈.#,*,,,..######.........#..#.###
≈.#,*,,,,,* #####.............
#.#,*,,,,,* #.......>..###
.....,,,,,* #....†.....#
..g..,,,,,* #..........#
.....,,,,,* #..........#
#.#.#,,,,,* #..........#
#.#,#,,,,,* #..........#


You could see a hobgoblin.

Vanquished Creatures
  4 ball pythons (D:1)
  An endoplasm (D:1)
  2 giant cockroaches (D:1)
  A goblin (D:1)
  2 hobgoblins (D:1)
  A quokka (D:1)
  3 bats (D:1)
  2 rats (D:1)
16 creatures vanquished.

Notes
Turn   | Place    | Note
-------+----------+-------------------------------------------
     0 | D:1      | chaosape the Draconian Transmuter began the quest for the
                  | Orb.
     0 | D:1      | Reached XP level 1. HP: 16/16 MP: 3/3
   643 | D:1      | Reached XP level 2. HP: 21/23 MP: 5/5
   945 | D:1      | Identified a scroll of acquirement
   945 | D:1      | Acquired a +3 hand crossbow of flaming
   955 | D:1      | Slain by a hobgoblin

Illustrated notes

Levels and vault maps discovered:
D:1:      psy_arrival_radial02, layout_basic,
          shapermc_ecumenical_altar_totnotflames,
          hangedman_abyss_or_decor_stabs, minivault_26, minmay_misc_feat_plants

Skill      XL: |  1 |
---------------+----+-----
Dodging        | 2 |  2.2
Fighting       | |  1.1
Unarmed Combat | |  3.4
Spellcasting   | |  2.0
Transmutations | |  2.0

Action                   || total
-------------------------++-------
Melee: Unarmed           ||    18
       Dagger            ||    49
       Tailslap          ||     8
       Whip              ||     3
       Hand crossbow     ||     1
       Punch             ||     1
 Cast: Beastly Appendage ||     1
  Use: Potion            ||     2
       Scroll            ||     2
Armor: Skin              ||    33
Dodge: Dodged            ||    65
